 Dungeon Crawl Stone Soup version 0.28-a0-1234-g826d19b2e0 (webtiles) character file.

Game seed: 9115403946740093742

51 r3xj the Conjurer (level 4, -1/30 HPs)
             Began as a Human Conjurer on Dec 23, 2021.
             Killed from afar by an orc wizard (6 damage)
             ... with a magic dart
             ... on level 3 of the Dungeon.
             The game lasted 00:10:13 (2818 turns).

r3xj the Conjurer (Human Conjurer)                  Turns: 2818, Time: 00:10:14

Health: -1/30      AC:  2    Str:  8    XL:     4   Next: 7%
Magic:  5/7        EV: 12    Int: 20    God:
Gold:   85         SH:  5    Dex: 11    Spells: 7/8 levels left

rFire   . . .      SeeInvis .   c - +0 club
rCold   . . .      Faith    .   (no shield)
rNeg    . . .      Spirit   .   a - +0 robe
rPois   .          Reflect  +   (no helmet)
rElec   .          Harm     .   (no cloak)
rCorr   .          Rampage  .   (no gloves)
Will    +....                   (no boots)
Stlth   ++........              i - amulet of reflection
HPRegen 0.10/turn               g - ring of willpower
MPRegen 0.10/turn               (no ring)

@: no status effects
A: no striking features
a: no special abilities


You were on level 3 of the Dungeon.
You visited 1 branch of the dungeon, and saw 3 of its levels.

You collected 85 gold pieces.

Inventory:

Hand Weapons
 c - a +0 club (weapon)
Missiles
 l - 33 poisoned darts
 m - 9 javelins
Armour
 a - a +0 robe (worn)
Jewellery
 g - a ring of willpower (left hand)
 i - an amulet of reflection (around neck)
 r - a ring of wizardry
Scrolls
 e - a scroll of summoning {unknown}
 f - a scroll of fog {unknown}
 h - a scroll of immolation {unknown}
 k - 2 scrolls of identify {unknown}
 n - a scroll of magic mapping {unknown}
 o - a scroll of teleportation {unknown}
 s - a scroll of amnesia {unknown}
Potions
 b - a potion of heal wounds {unknown}
 d - a potion of cancellation {unknown}
 j - a potion of brilliance {unknown}
 p - 2 potions of lignification {unknown}
 q - a potion of curing {unknown}
 t - a potion of might {unknown}


   Skills:
 + Level 2.5 Dodging
 + Level 2.7 Stealth
 + Level 2.5 Spellcasting
 + Level 4.3 Conjurations


You had 7 spell levels left.
You knew the following spells:

 Your Spells              Type           Power      Damage    Failure   Level
a - Magic Dart            Conj           80%        1d7       2%          1

Your spell library contained the following spells:

 Spells                   Type           Power      Damage    Failure   Level
 Searing Ray              Conj           40%        2d5       3%          2
 Dazzling Flash           Conj/Hex       22%        N/A       19%         3
 Fulminant Prism          Conj/Hex       5%         3d7       52%         4
 Iskenderun's Mystic Bla  Conj/Tloc      11%        2d4       52%         4


Dungeon Overview and Level Annotations

Branches:
Dungeon (3/15)

Altars:
Ashenzari
Kikubaaqudgha

Shops:
D:3 [


Message History

The magic dart hits the orc.
The orc is severely wounded.
The orc throws a boomerang.
You reflect the boomerang off an invisible shield around you!
The boomerang closely misses the orc.
You are too depleted to draw on your mana recklessly!
The orc throws a boomerang.
The boomerang hits you.
The magic dart hits the orc.
The orc is severely wounded.
The orc throws a boomerang.
The boomerang hits you.
You are too depleted to draw on your mana recklessly!
The orc hits you with a +0 dagger. The orc barely misses you.
You hit the orc.
The orc is almost dead.
The orc barely misses you. The orc misses you.
The orc hits you with a +0 dagger. The orc hits you with a +0 hand axe.
You hit the orc.
The orc is almost dead.
You block the orc's attack. The orc hits you with a +0 hand axe.
You completely miss the orc.
The orc is almost dead.
The orc hits you with a +0 dagger. The orc hits you with a +0 hand axe.
* * * LOW HITPOINT WARNING * * *
You barely miss the orc.
The orc is almost dead.
The orc hits you with a +0 dagger.
* * * LOW HITPOINT WARNING * * *
The orc misses you. The orc hits you with a +0 dagger.
* * * LOW HITPOINT WARNING * * *
The orc throws a boomerang.
You reflect the boomerang off an invisible shield around you!
The boomerang hits the orc.
You kill the orc!
The orc suddenly complains.
An orc wizard comes into view. It is wielding a +0 quarterstaff.
Found a faded altar of an unknown god.
The orc wizard shouts!
The orc wizard gestures at you while chanting.
The magic dart hits you.
You die...

##.## #.# ##. ## #.# #.#
#.. #. #.# #.# #.# #._
#.# #.# #.# #... #.#
#### #.# #.#
##..§#######§.# #.# #.#
....§§§§§§§§§.# #.# #w#
o..#§§§§§§§§§.###.# #.#
....§§§@§o§§§.....####.#
##...#######§.####.....#
#. ##.# #.##### #.# #.#
### #.# #.# #.# #.# #.#


You could see an orc wizard and an orc.

Vanquished Creatures
  An adder (D:2)
  2 worms (D:2)
  2 orcs (D:3)
  4 ball pythons
  5 endoplasms
  A giant cockroach (D:1)
  4 hobgoblins
  3 jackals
  3 kobolds
  5 bats
  2 rats (D:1)
32 creatures vanquished.

Notes
Turn   | Place    | Note
-------+----------+-------------------------------------------
     0 | D:1      | r3xj the Human Conjurer began the quest for the Orb.
     0 | D:1      | Reached XP level 1. HP: 13/13 MP: 3/3
   316 | D:1      | Reached XP level 2. HP: 19/19 MP: 0/5
   993 | D:2      | Found an ancient bone altar of Kikubaaqudgha.
  1193 | D:2      | Reached XP level 3. HP: 9/24 MP: 0/6
  2395 | D:3      | Found Fosone's Armour Shoppe.
  2451 | D:3      | Found a broken altar of Ashenzari.
  2753 | D:3      | Reached XP level 4. HP: 30/30 MP: 1/7
  2771 | D:3      | HP: 1/30 [orc (3)]
  2818 | D:3      | Found a faded altar of an unknown god.
  2818 | D:3      | Killed from afar by an orc wizard

Illustrated notes

Levels and vault maps discovered:
D:1:      mushboom_english_gardens, layout_basic
D:2:      layout_loops_ring, basic_altar, kennysheep_cross_bottleneck,
          kennysheep_generic_room_12
D:3:      layout_loops_ring, nicolae_ashenzari_skybound,
          beargit_hepliaklqana_dungeon_heroes, serial_rivers,
          chequers_serial_rivers_room_b, chequers_serial_rivers_marsh,
          chequers_serial_rivers_room_b, chequers_serial_rivers_micro_e,
          chequers_serial_rivers_room_b, serial_shops, nicolae_shop_trees

Action                   |  1- 3 |  4- 6 || total
-------------------------+-------+-------++-------
Melee: Club              |    28 |     4 ||    32
 Cast: Magic Dart        |   103 |     3 ||   106
Armor: Robe              |     9 |       ||     9
Dodge: Dodged            |    27 |     5 ||    32
Block: Other             |    12 |     3 ||    15
       Reflection        |       |     2 ||     2

Table legend: (Time is in decaauts)
 A = Elapsed time spent in this place.
 B = Non-inter-level travel time spent in this place.
 C = Inter-level travel time spent in this place.
 D = Time resting spent in this place.
 E = Time spent auto-exploring this place.
 F = Levels seen in this place.
 G = Mean time per level.
                   A        B        C        D        E       F      G
               +--------+--------+--------+--------+--------+-----+--------+
         Total |   2829 |   2714 |    115 |    155 |   2035 |   3 |  943.0 |
       Dungeon |   2829 |   2714 |    115 |    155 |   2035 |   3 |  943.0 |
               +--------+--------+--------+--------+--------+-----+--------+

Top non-repeatable levels by time:
     D:2: 1283 daAuts
     D:1: 907 daAuts
     D:3: 638 daAuts
